 Dungeon Crawl Stone Soup version 0.22-a0-412-g2b68d144a4 (webtiles) character file.

4736 Kriby the Grappler (level 10, -4/100 HPs)
             Began as a Troll Monk on May 12, 2018.
             Slain by an orc warrior
             ... wielding a +0 morningstar of flaming
              (23 damage)
             ... on level 8 of the Dungeon.
             The game lasted 00:06:20 (5218 turns).

Kriby the Grappler (Troll Monk)                     Turns: 5218, Time: 00:06:21

Health: -4/100     AC:  6    Str: 29      XL:     10   Next: 22%
Magic:  9/9        EV: 17    Int:  3 (6)  God:
Gold:   208        SH:  2    Dex: 12      Spells: 9/9 levels left

rFire    . . .     SeeInvis .     - Unarmed
rCold    . . .     Gourm    +   (no shield)
rNeg     . . .     Faith    .   a - +1 robe
rPois    .         Spirit   .   (helmet restricted)
rElec    .         Reflect  +   (no cloak)
rCorr    .         Harm     .   (gloves unavailable)
MR       .....                  (boots unavailable)
Stlth    +++.......             w - +2 amulet of reflection
HPRegen  0.66/turn              y - +4 ring of evasion
MPRegen  0.11/turn              C - ring of stealth

@: mighty, about to teleport
A: large, unfitting armour, claws 3, fast metabolism 3, gourmand, regeneration
1, shaggy fur 1, tough skin 2
a: no special abilities


You were on level 8 of the Dungeon.
You were very full.

You visited 2 branches of the dungeon, and saw 9 of its levels.

You collected 312 gold pieces.
You spent 104 gold pieces at shops.

Inventory:

Armour
 a - a +1 robe (worn)
Jewellery
 d - a cursed amulet of inaccuracy {unknown}
 w - a +2 amulet of reflection (around neck)
 y - a +4 ring of evasion (left claw)
 C - a ring of stealth (right claw)
Wands
 h - a wand of random effects (22)
 t - a wand of digging (10)
Scrolls
 c - a scroll of enchant weapon
 e - 3 scrolls of fog
 g - 2 scrolls of blinking
 i - a scroll of fear
 n - 3 scrolls of enchant armour
 p - 3 scrolls of remove curse
Potions
 l - a potion of agility
 o - 3 potions of haste
 q - 2 potions of curing
 r - 3 potions of mutation
 v - a potion of ambrosia
Comestibles
 b - 11 rations


   Skills:
 + Level 6.7 Fighting
 + Level 6.8 Dodging
 - Level 1.0 Stealth
 * Level 11.0 Unarmed Combat


You had 9 spell levels left.
You didn't know any spells.
Your spell library was empty.

Dungeon Overview and Level Annotations

Branches:
Dungeon (8/15)             Temple (1/1) D:6            Lair (0/6) D:8

Altars:
Ashenzari
Dithmenos
Elyvilon
Fedhas
Gozag
Hepliaklqana
Kikubaaqudgha
Makhleb
Nemelex Xobeh
Okawaru
Qazlal
Ru
Trog
Uskayaw
Vehumet
Wu Jian
Xom
Yredelemnul
Zin
The Shining One

Shops:
D:4 *   D:5 :   D:6 :

Annotations:
D:7 tmwh's ghost, novice GrFi


Innate Abilities, Weirdness & Mutations

You are too large for most types of armour.
You have claws for hands.
Your metabolism is lightning-fast.
You like to eat raw meat.
Your natural rate of healing is unusually fast.
You are covered in fur. (AC +1)
You have very tough skin. (AC +2)


Message History

An orc comes into view.
The orc shouts!
An orc warrior comes into view.
It is wielding a morningstar of flaming.
The orc warrior shouts!
You hear a shout!
You hear an angry hiss.
Found a hazy altar of Hepliaklqana.
You feel better.
You feel very mighty all of a sudden.
An orc priest comes into view. It is wielding a club.
Okay, then.
You barely miss the orc.
As you read the scroll of teleportation, it crumbles to dust.
You feel strangely unstable. You block the orc's attack.
You closely miss the orc. You mangle the orc!!
You kill the orc!
A komodo dragon comes into view.
You mangle the orc!!
You kill the orc!
The orc warrior hits you with a morningstar of flaming!!
You die...

#.. ####
## ##
#..... ..l
#..#. .#..
#_.. .....
#.)#...#..
#.@o.o....
##########


You could see a komodo dragon, an orc warrior and an orc priest.

Vanquished Creatures
  2 two-headed ogres (D:8)
  Prince Ribbit (D:5)
  Grinder (D:6)
  Sigmund (D:2)
  Eustachio (D:6)
  The ghost of htuhola the Covered, an amateur MiFi of Okawaru (D:4)
  Menkaure (D:5)
  A black bear (D:6)
  2 ice beasts
  A sky beast (D:6)
  2 phantoms
  4 ogres
  3 centaurs
  A big kobold (D:7)
  A wyvern zombie (D:6)
  A scorpion (D:4)
  5 killer bees
  A wight (D:8)
  A crimson imp (D:5)
  2 centaur zombies
  A bullfrog zombie (D:5)
  2 jellies
  2 bullfrog skeletons
  3 hounds
  An orc wizard (D:7)
  4 orc priests
  A centaur skeleton (D:6)
  2 iguanas (D:5)
  5 worker ants
  2 killer bee zombies
  Robin (D:3)
  4 adders
  7 gnolls
  3 oozes
  An adder zombie (D:8)
  A worm (D:2)
  2 dart slugs (D:4)
  4 leopard geckos
  10 orcs
  A bat zombie (D:5)
  6 giant cockroaches
  11 goblins
  4 hobgoblins
  14 jackals
  4 quokkas
  3 ball pythons
  9 bats
  4 frilled lizards
  2 jackal skeletons
  19 kobolds
  A leopard gecko skeleton (D:4)
  2 quokka skeletons (D:4)
  7 rats
  A rat zombie (D:5)
177 creatures vanquished.

Notes
Turn   | Place    | Note
-------+----------+-------------------------------------------
     0 | D:1      | Kriby the Troll Monk began the quest for the Orb.
     0 | D:1      | Reached XP level 1. HP: 22/22 MP: 0/0
    47 | D:1      | Reached XP level 2. HP: 29/29 MP: 1/1
   345 | D:1      | Reached XP level 3. HP: 36/36 MP: 2/2
   683 | D:2      | Found a shimmering altar of Xom.
   688 | D:2      | Found a bloodstained altar of Trog.
   720 | D:2      | Noticed Sigmund
   870 | D:1      | Reached skill level 4 in Unarmed Combat
   897 | D:2      | Killed Sigmund
   897 | D:2      | Reached skill level 5 in Unarmed Combat
   897 | D:2      | Reached XP level 4. HP: 29/45 MP: 3/3
   897 | D:2      | Reached XP level 5. HP: 35/53 MP: 4/4
  1533 | D:3      | Reached XP level 6. HP: 61/61 MP: 5/5
  1845 | D:3      | Noticed Robin
  1857 | D:3      | Killed Robin
  2033 | D:4      | Reached skill level 6 in Unarmed Combat
  2068 | D:4      | Reached XP level 7. HP: 58/68 MP: 6/6
  2327 | D:4      | Found Yteigg's General Store.
  2339 | D:4      | Bought a potion of mutation for 104 gold pieces
  2443 | D:4      | Noticed htuhola's ghost (amateur MiFi)
  2453 | D:4      | Killed htuhola's ghost
  2453 | D:4      | Reached skill level 7 in Unarmed Combat
  2519 | D:4      | Reached XP level 8. HP: 43/79 MP: 7/7
  2595 | D:5      | Entered Level 5 of the Dungeon
  2597 | D:5      | Noticed Prince Ribbit
  2823 | D:5      | Found a sacrificial altar of Ru.
  2877 | D:5      | Found Veuz's Book Emporium.
  2943 | D:5      | Killed Prince Ribbit
  2943 | D:5      | Reached skill level 5 in Fighting
  2943 | D:5      | Reached skill level 5 in Dodging
  2943 | D:5      | Reached skill level 8 in Unarmed Combat
  3071 | D:5      | Noticed Menkaure
  3078 | D:5      | Killed Menkaure
  3181 | D:5      | Found an ancient bone altar of Kikubaaqudgha.
  3245 | D:5      | Found a glowing golden altar of the Shining One.
  3411 | D:6      | Found Linn's Book Shop.
  3518 | D:6      | Reached XP level 9. HP: 70/88 MP: 8/8
  3524 | D:6      | Reached skill level 9 in Unarmed Combat
  3637 | D:6      | Noticed Eustachio
  3662 | D:6      | Killed Eustachio
  3714 | D:6      | Found an iron altar of Okawaru.
  3817 | D:6      | Found a staircase to the Ecumenical Temple.
  3832 | D:6      | Noticed Grinder
  3839 | D:6      | Killed Grinder
  4009 | Temple   | Entered the Ecumenical Temple
  4644 | D:7      | Noticed tmwh's ghost (novice GrFi)
  4657 | D:7      | Reached skill level 10 in Unarmed Combat
  5123 | D:8      | Found a stormy altar of Qazlal.
  5166 | D:8      | Noticed a two-headed ogre
  5168 | D:8      | Noticed a two-headed ogre
  5185 | D:8      | Found a staircase to the Lair.
  5196 | D:8      | Killed a two-headed ogre
  5196 | D:8      | Reached XP level 10. HP: 40/100 MP: 9/9
  5200 | D:8      | Killed a two-headed ogre
  5200 | D:8      | Reached skill level 11 in Unarmed Combat
  5211 | D:8      | Found a hazy altar of Hepliaklqana.
  5211 | D:8      | HP: 5/100 [poisoned by a killer bee]
  5218 | D:8      | Slain by an orc warrior

Vault maps used:
D:1:      erik_arrival_gehennom
D:2:      xom_butterflies, lemuel_round_altar, first_ration, uniq_sigmund
D:3:      uniq_robin
D:4:      serial_shops, shop_fountains
D:5:      nicolae_tso_swordbearing_angel, lemuel_zombie_altar_kikubaaqudgha,
          serial_shops, shop, nicolae_ru_awakened_eye, uniq_prince_ribbit1,
          uniq_menkaure
D:6:      old_standard_altar, minmay_temple_entry_enclosed_plants, serial_shops,
          shop, uniq_eustachio, uniq_grinder
D:8:      hangedman_cross_stitches, lemuel_coloured_pillars_altar,
          minmay_lair_entry_lava, david_nohive_1, minivault_26,
          nicolae_qazlal_style_of_elements
Temple:   eino_narrow_crystal_temple

Skill      XL: |  1  2  3  4  5  6  7  8  9 10 |
---------------+-------------------------------+-----
Unarmed Combat | 5 6 7 8 10 11 | 11.0
Fighting       | 3 4 5 6 |  6.7
Dodging        | 3 4 5 6 |  6.8
Stealth        | |  1.0

Action                   |  1- 3 |  4- 6 |  7- 9 | 10-12 || total
-------------------------+-------+-------+-------+-------++-------
Melee: Unarmed           |    83 |   166 |   298 |     9 ||   556
       Punch             |     1 |     2 |    14 |       ||    17
Evoke: Wand              |     9 |       |       |       ||     9
  Use: Scroll            |       |       |     9 |     3 ||    12
       Potion            |       |       |     9 |     2 ||    11
 Stab: Sleeping          |     1 |     2 |     6 |       ||     9
  Eat: Chunk             |    11 |    14 |    27 |       ||    52
Armor: Robe              |    35 |    51 |    48 |     1 ||   135
Dodge: Dodged            |    68 |   120 |   245 |    19 ||   452
Block: Other             |       |       |    27 |     3 ||    30

Table legend:
 A = Spawn XP
 B = Non-spawn XP
 C = Spawn XP percentage of total XP
 D = Spawn monster count
 E = Non-spawn monster count
 F = Spawn count percentage of total count
 G = Total turns spent on level
                    A         B        C        D         E        F      G
               +---------+---------+-------+---------+---------+-------+---------
         Total |       0 |    6766 |   0.0 |       0 |     177 |   0.0 |  5218
               +---------+---------+-------+---------+---------+-------+---------
           D:1 |       0 |      60 |   0.0 |       0 |      24 |   0.0 |   766
           D:2 |       0 |     310 |   0.0 |       0 |      22 |   0.0 |   673
           D:3 |       0 |     243 |   0.0 |       0 |      34 |   0.0 |   539
           D:4 |       0 |     946 |   0.0 |       0 |      23 |   0.0 |   617
           D:5 |       0 |     943 |   0.0 |       0 |      16 |   0.0 |   765
           D:6 |       0 |    1278 |   0.0 |       0 |      20 |   0.0 |   670
           D:7 |       0 |    1004 |   0.0 |       0 |      29 |   0.0 |   889
           D:8 |       0 |    1982 |   0.0 |       0 |       9 |   0.0 |   103
               +---------+---------+-------+---------+---------+-------+---------
